 Dungeon Crawl Stone Soup version 0.28-a0-674-gdaf460b524 (webtiles) character file.

Game seed: 15099604234556026286

22710 kipponium the Cruncher (level 13, -4/107 HPs)
             Began as a Formicid Fighter on Oct 17, 2021.
             Was an Elder of Qazlal.
             Slain by an ogre mage (11 damage)
             ... on level 2 of the Orcish Mines.
             The game lasted 00:32:49 (12611 turns).

kipponium the Cruncher (Formicid Fighter)          Turns: 12611, Time: 00:32:49

Health: -4/107     AC: 20    Str: 24    XL:     13   Next: 29%
Magic:  0/17       EV: 13    Int:  5    God:    Qazlal [****..]
Gold:   818        SH: 10    Dex: 10    Spells: 12/12 levels left

rFire   . . .      SeeInvis +   r - +3 lajatang (spect)
rCold   . . .      Faith    .   c - +0 buckler
rNeg    . . .      Spirit   +   E - +6 chain mail of Osezoq {Will+}
rPois   +          Reflect  .   (helmet unavailable)
rElec   +          Harm     .   f - +0 cloak
rCorr   .          Rampage  .   (no gloves)
Will    +++..                   d - +0 pair of boots
Stlth   ..........              k - amulet of guardian spirit
HPRegen 0.27/turn               n - +4 ring of evasion
MPRegen 0.15/turn               v - ring "Xaonahox" {rElec rPois Will+ Int-5}

@: studying Staves, repel missiles
A: permanent stasis, dig shafts and tunnels, antennae 3, four strong arms
a: Dig, Shaft Self, Renounce Religion, Upheaval, Elemental Force


You were on level 2 of the Orcish Mines.
You worshipped Qazlal.
Qazlal was greatly pleased with you.
You visited 3 branches of the dungeon, and saw 14 of its levels.
You also visited: Bailey.

You collected 1275 gold pieces.
You spent 457 gold pieces at shops.

Inventory:

Hand Weapons
 r - a +3 spectral lajatang (weapon)
 w - the +2 quarterstaff of Wrongful Imprisonment {speed, Dex+6}
   (You found it on level 6 of the Dungeon)

   Attacks with this weapon are significantly faster.
   Dex:       It affects your dexterity (+6).
Missiles
 a - 20 poisoned darts (quivered)
 D - 12 atropa-tipped darts
Armour
 c - a +0 buckler (worn)
 d - a +0 pair of boots (worn)
 f - a +0 cloak (worn)
 E - the +6 chain mail of Osezoq (worn) {Will+}
   (You acquired it on level 8 of the Dungeon)

   Will:      It increases your willpower.
Jewellery
 e - a ring of ice
 k - an amulet of guardian spirit (around neck)
 n - a +4 ring of evasion (left hand)
 v - the ring "Xaonahox" (right hand) {rElec rPois Will+ Int-5}
   (You bought it in a shop on level 5 of the Dungeon)

   [ring of willpower]

   Int:       It affects your intelligence (-5).
   rElec:     It insulates you from electricity.
   rPois:     It protects you from poison.
   Will:      It increases your willpower.
Wands
 g - a wand of iceblast (6)
 u - a wand of mindburst (5)
 C - a wand of paralysis (4)
Scrolls
 i - a scroll of amnesia
 m - a scroll of enchant weapon
 p - a scroll of fog
 t - a scroll of blinking
 z - a scroll of noise
 A - a scroll of enchant armour {unknown}
Potions
 b - a potion of brilliance
 h - 6 potions of curing
 j - 4 potions of magic {unknown}
 l - 3 potions of haste {unknown}
 q - a potion of attraction {unknown}
 s - 2 potions of lignification {unknown}
Miscellaneous
 o - a tin of tremorstones (inert)
 F - a lightning rod (inert)


   Skills:
 + Level 11.7 Fighting
 - Level 6.5(10.8) Polearms
 - Level 13.3(14.0) Staves
 * Level 7.2 Throwing
 - Level 10.0 Armour
 + Level 2.6 Dodging
 - Level 3.6 Shields
 * Level 5.4 Invocations
 * Level 4.6 Evocations


You had 12 spell levels left.
You didn't know any spells.
Your spell library contained the following spells:

 Spells                   Type           Power      Damage    Failure   Level
 Sandblast                Erth           0%         2d4       96%         1
 Ensorcelled Hibernation  Hex/Ice        0%         N/A       99%         2
 Passwall                 Tmut/Erth      0%         N/A       99%         2
 Conjure Flame            Conj/Fire      0%         6-21      100%        3
 Ignite Poison            Fire/Tmut/Pois 0%         N/A       100%        3
 Stone Arrow              Conj/Erth      0%         3d7       100%        3
 Tukima's Dance           Hex            0%         N/A       100%        3
 Sticky Flame             Conj/Fire      0%         2d3       100%        4


Dungeon Overview and Level Annotations

Branches:
Dungeon (11/15)            Temple (1/1) D:7            Lair (0/6) D:11
    Orc (2/2) D:10         Bailey (visited)
    Elf: Orc:2

Altars:
Ashenzari
Cheibriados
Dithmenos
Elyvilon
Fedhas
Gozag
Hepliaklqana
Kikubaaqudgha
Makhleb
Nemelex Xobeh
Okawaru
Qazlal
Ru
Sif Muna
Trog
Uskayaw
Vehumet
Wu Jian
Xom
Yredelemnul
Zin
The Shining One

Shops:
D:5 =[**=   D:8 *   Orc:2 *

Portals:
Abyss: D:9
Trove: D:10 (give +6 demon whip)

Annotations:
D:5 2 runed translucent doors, Asparus's ghost, novice OpCj
D:9 2 transporters, Soel's ghost, journeyman GrEE


Innate Abilities, Weirdness & Mutations

You cannot be hasted, slowed, berserked, paralysed or teleported.
You can dig through walls and to a lower floor.
You have a pair of large antennae on your head. (SInv)
Your four strong arms can wield two-handed weapons with a shield.


Message History

Qazlal accepts your kill.
The thunderbolt hits the ogre mage!
The ogre mage is heavily wounded.
The thunderbolt hits the two-headed ogre!
The two-headed ogre is severely wounded.
The thunderbolt hits the ogre!
The ogre is heavily wounded.
The thunderbolt hits the two-headed ogre!!
The two-headed ogre is moderately wounded.
The thunderbolt hits the ogre!
The ogre is severely wounded.
The thunderbolt hits the ogre!
The ogre is severely wounded.
The thunderbolt hits the ogre!
The ogre is severely wounded.
The thunderbolt hits the ogre!
The ogre is moderately wounded.
The lightning rod overheats!
Your hearing returns.
You hear a shout! x2
You block the two-headed ogre's attack.
The two-headed ogre hits you with a +0 giant club!
* * * LOW HITPOINT WARNING * * *
The two-headed ogre is struck by lightning.
The ogre mage hits you from afar with a +0 spear!
* * * LOW HITPOINT WARNING * * *
You feel better.
The two-headed ogre hits you with a +0 giant club!
* * * LOW HITPOINT WARNING * * *
The two-headed ogre barely misses you.
The ogre mage hits you but does no damage.
As you read the scroll labelled ZYAJEE ZILETY, it crumbles to dust.
The creatures around you are filled with an inner flame!
It was a scroll of immolation.
The two-headed ogre barely misses you.
The two-headed ogre hits you with a +0 giant club.
* * * LOW HITPOINT WARNING * * *
The two-headed ogre barely misses you.
The two-headed ogre hits you but does no damage.
The ogre mage hits you from afar with a +0 spear!
You die...

.....................#
....................#
...................#
..................#
#........#.......#
.........{......#
#....##.##O)....#
#....#.○O#OO.#..#
...#..☼☼@OOOO....
.....#○.O#§OO...
..##.##.##§O.... . #.
... .#... .... . ..
...... .. . ..##...
### ##...


You could see 4 two-headed ogres, an ogre mage (inner flame, invisible) and 6
ogres.

Vanquished Creatures
  An ettin (Orc:1)
  Fannar (D:11)
  An ogre mage (Orc:2)
  A hydra (D:11)
  13 two-headed ogres
  An orc knight (Bailey)
  A cyclops (D:11)
  An unseen horror (D:11)
  4 trolls
  Grinder (D:5)
  Sigmund (D:3)
  A wyvern (D:9)
  28 yaks
  2 steam dragons (D:8)
  Menkaure (D:5)
  2 ice beasts (D:8)
  15 orc warriors
  11 ogres
  4 boggarts (D:10)
  3 necrophages
  3 centaurs
  A bullfrog (D:8)
  2 kobold brigands
  A scorpion (D:4)
  A wyvern zombie (D:7)
  A wyvern skeleton (D:7)
  A water moccasin zombie (D:5)
  3 wights
  5 howler monkeys
  An electric eel (D:8)
  4 centaur zombies
  4 hounds
  9 orc priests
  Ijyb (D:5)
  2 iguanas
  13 orc wizards
  A killer bee zombie (D:3)
  10 gnolls
  2 adders
  A howler monkey skeleton (D:5)
  A shadow imp (D:6)
  3 ufetubi
  2 dart slugs
  66 orcs
  8 bats
  7 endoplasms
  9 giant cockroaches
  16 goblins
  6 hobgoblins
  5 quokkas
  8 ball pythons
  4 frilled lizards
  15 kobolds
  7 rats
316 creatures vanquished.

Vanquished Creatures (others)
  12 plants (D:11)
12 creatures vanquished.

Grand Total: 328 creatures vanquished

Notes
Turn   | Place    | Note
-------+----------+-------------------------------------------
     0 | D:1      | kipponium the Formicid Fighter began the quest for the Orb.
     0 | D:1      | Reached XP level 1. HP: 18/18 MP: 1/1
    31 | D:1      | Reached XP level 2. HP: 22/24 MP: 2/2
   186 | D:1      | Found a faded altar of an unknown god.
   236 | D:1      | Reached XP level 3. HP: 22/29 MP: 3/3
   885 | D:2      | Reached XP level 4. HP: 35/35 MP: 4/4
  1308 | D:3      | Noticed Sigmund
  1313 | D:3      | Killed Sigmund
  1314 | D:3      | Reached XP level 5. HP: 33/41 MP: 3/5
  1314 | D:3      | Reached XP level 6. HP: 38/47 MP: 3/6
  1845 | D:3      | Found a sparkling altar of Nemelex Xobeh.
  2364 | D:4      | Found a basalt altar of Yredelemnul.
  2368 | D:4      | Found an ornate altar of the Wu Jian Council.
  2457 | D:4      | Identified the +2 quarterstaff "Mashraet" {vorpal, rElec
                  | rC+ MP-9 Str+3}
  2510 | D:4      | Noticed an ogre
  2520 | D:4      | Killed an ogre
  2521 | D:4      | Reached skill level 2 in Staves
  2521 | D:4      | Reached XP level 7. HP: 52/52 MP: 0/7
  2716 | D:4      | Reached skill level 3 in Staves
  2914 | D:4      | Found a snail-covered altar of Cheibriados.
  3318 | D:5      | Entered Level 5 of the Dungeon
  3321 | D:5      | Found a runed translucent door.
  3327 | D:5      | Noticed Asparus's ghost (novice OpCj)
  3338 | D:5      | Noticed Ijyb
  3348 | D:5      | Killed Ijyb
  3480 | D:5      | Found Tasm's Armour Shoppe.
  3496 | D:5      | Found Xetifom's Jewellery Shop.
  3499 | D:5      | Noticed Grinder
  3505 | D:5      | Killed Grinder
  3506 | D:5      | Reached skill level 5 in Staves
  3506 | D:5      | Reached XP level 8. HP: 39/58 MP: 0/8
  3717 | D:5      | Found a runed translucent door.
  3746 | D:5      | Found Visizxom's General Store.
  3933 | D:5      | Found Qohauc's Assorted Antiques.
  4015 | D:5      | Found Biptie's Jewellery Shop.
  4046 | D:5      | Noticed Menkaure
  4050 | D:5      | Reached skill level 6 in Staves
  4054 | D:5      | Killed Menkaure
  4506 | D:5      | Reached skill level 7 in Staves
  4812 | D:6      | Identified the +2 quarterstaff of Wrongful Imprisonment
                  | {speed, Dex+6}
  4946 | D:6      | Reached skill level 8 in Staves
  5174 | D:6      | Reached XP level 9. HP: 64/64 MP: 7/9
  5303 | D:7      | Found a sacrificial altar of Ru.
  5326 | D:7      | Found a radiant altar of Vehumet.
  5349 | D:7      | Reached skill level 9 in Staves
  5424 | D:7      | Found a faded altar of an unknown god.
  5424 | D:7      | Found a hazy altar of Hepliaklqana.
  5549 | D:7      | Found a staircase to the Ecumenical Temple.
  5579 | Temple   | Entered the Ecumenical Temple
  5698 | Temple   | Became a worshipper of Qazlal Stormbringer
  6330 | D:8      | Reached skill level 10 in Staves
  6563 | D:8      | Identified 3 scrolls of acquirement
  6563 | D:8      | Acquired a +2 spectral lajatang
  6565 | D:8      | Acquired the +6 chain mail of Osezoq {Will+}
  6576 | D:8      | Acquired a manual of Staves
  6850 | D:8      | Found Xerudelu's General Store.
  7837 | D:9      | Noticed a two-headed ogre
  8087 | D:8      | Killed a two-headed ogre
  8088 | D:8      | Reached skill level 12 in Staves
  8088 | D:8      | Reached XP level 10. HP: 58/70 MP: 7/10
  8161 | D:9      | Noticed a two-headed ogre
  8319 | D:9      | Killed a two-headed ogre
  8320 | D:9      | Reached skill level 13 in Staves
  8859 | D:9      | Reached skill level 5 in Armour
  8869 | D:9      | Reached skill level 5 in Fighting
  8869 | D:9      | Reached skill level 1 in Dodging
  9156 | D:9      | Found a transporter.
  9180 | D:9      | Noticed Soel's ghost (journeyman GrEE)
  9182 | D:9      | Found a one-way gate to the infinite horrors of the Abyss.
  9258 | D:9      | Found a transporter.
  9538 | D:10     | Entered Level 10 of the Dungeon
  9595 | D:10     | Reached XP level 11. HP: 72/80 MP: 8/11
  9815 | D:10     | Reached * piety under Qazlal
  9978 | D:5      | Bought the ring "Xaonahox" {rElec rPois Will+ Int-5} for
                  | 457 gold pieces
 10079 | D:10     | Noticed a two-headed ogre
 10299 | D:10     | Found a staircase to the Orcish Mines.
 10468 | D:10     | Reached ** piety under Qazlal
 10708 | D:10     | Found a portal to a secret trove of treasure.
 10749 | D:11     | Noticed Fannar
 11022 | D:11     | Reached skill level 5 in Throwing
 11093 | D:11     | Killed Fannar
 11399 | D:11     | Reached XP level 12. HP: 83/94 MP: 9/12
 11487 | D:11     | Noticed a seven-headed hydra
 11498 | D:11     | Killed a seven-headed hydra
 11509 | D:11     | Reached *** piety under Qazlal
 11510 | D:11     | Reached skill level 1 in Invocations
 11526 | D:11     | Noticed a two-headed ogre
 11532 | D:11     | Reached skill level 1 in Evocations
 11534 | D:11     | Killed a two-headed ogre
 11696 | D:11     | Found a staircase to the Lair.
 11958 | Orc:1    | Entered Level 1 of the Orcish Mines
 11966 | Orc:1    | Found a flagged portal.
 11982 | Bailey   | Entered a bailey
 12162 | Orc:1    | Reached **** piety under Qazlal
 12164 | Orc:1    | Noticed an ettin
 12188 | Orc:1    | Killed an ettin
 12189 | Orc:1    | Reached skill level 10 in Fighting
 12528 | Orc:2    | Entered Level 2 of the Orcish Mines
 12554 | Orc:2    | Found Pocelairch's Gadget Gallery.
 12556 | Orc:2    | Noticed a two-headed ogre
 12560 | Orc:2    | Noticed an ogre mage
 12560 | Orc:2    | Noticed a two-headed ogre
 12564 | Orc:2    | Killed a two-headed ogre
 12564 | Orc:2    | Noticed an ogre mage
 12566 | Orc:2    | Noticed a two-headed ogre
 12567 | Orc:2    | Noticed a two-headed ogre
 12567 | Orc:2    | Noticed a two-headed ogre
 12569 | Orc:2    | Noticed a two-headed ogre
 12569 | Orc:2    | Noticed a two-headed ogre
 12574 | Orc:2    | Killed a two-headed ogre
 12578 | Orc:2    | Killed an ogre mage
 12580 | Orc:2    | Killed a two-headed ogre
 12581 | Orc:2    | Reached skill level 10 in Armour
 12582 | Orc:2    | Killed a two-headed ogre
 12583 | Orc:2    | Reached XP level 13. HP: 61/105 MP: 9/16
 12601 | Orc:2    | Reached skill level 5 in Invocations
 12611 | Orc:2    | Slain by an ogre mage

Illustrated notes

Levels and vault maps discovered:
D:1:      dpeg_arrival_stonehenge_12_columns, layout_rooms,
          shapermc_ecumenical_altar_mp_vishouse
D:2:      layout_loops_cross
D:3:      layout_loops_ring, nemelex_spade_bored_becter, uniq_sigmund
D:4:      layout_layer_cave, grunt_temple_overflow_open, grunt_ministairs_5
D:5:      layout_loops_cross, ebering_ghost_sewer_f, serial_shops, shop,
          nicolae_diamond_shop, nicolae_shop_behind_doors, kennysheep_mini,
          shop, minmay_misc_feat_tiny, minmay_stone_trees_small,
          serial_bayou_ford_a, uniq_ijyb, uniq_menkaure, uniq_grinder
D:6:      layout_rooms
D:7:      layout_loops_cross, nicolae_ru_sacrificial_ziggurat, vehumet_crystals,
          beargit_hepliaklqana_dungeon_heroes, minmay_temple_entry_butterflies
D:8:      layout_layer_cave, serial_shops, shop, kennysheep_cross_room,
          grunt_ministairs_10
D:9:      layout_cave_pods, gammafunk_ghost_abyssal_escape
D:10:     layout_loops_ring, hiddenorc2_lemuel, enter_trove_6,
          hangedman_decor_growths, nrook_uturn
D:11:     layout_rooms, dpeg_oklobed_lair, uniq_fannar
Temple:   regret_index_temple_waves
Orc:1:    layout_caves, enter_bailey_4
Orc:2:    st_orc_ogre_mass, layout_caves,
          portal_ice_cave_entry_animals_and_master, nicolae_shop_gadgets

Skill      XL: |  1  2  3  4  5  6  7  8  9 10 11 12 13 |
---------------+----------------------------------------+-----
Polearms       | 3 4 6 |  6.5
Staves         | 2 5 8 12 13 | 13.3
Throwing       | 4 5 6 7 |  7.2
Armour         | 6 8 10 | 10.0
Fighting       | 5 8 10 11 | 11.7
Dodging        | 1 2 |  2.6
Invocations    | 4 5 |  5.4
Evocations     | 3 4 |  4.6
Shields        | |  3.6

Action                   |  1- 3 |  4- 6 |  7- 9 | 10-12 | 13-15 || total
-------------------------+-------+-------+-------+-------+-------++-------
Melee: Trident           |   103 |   107 |       |       |       ||   210
       Quarterstaff      |       |     2 |   225 |    30 |       ||   257
       Lajatang          |       |       |       |   324 |    21 ||   345
Throw: Dart              |       |       |     3 |     5 |     2 ||    10
 Abil: Dig               |     2 |       |       |       |       ||     2
Evoke: Wand              |       |       |       |     5 |       ||     5
       Lightning rod     |       |       |       |     2 |     3 ||     5
       Tin of tremorston |       |       |       |     2 |       ||     2
  Use: Potion            |       |     2 |     3 |     3 |     2 ||    10
       Scroll            |       |       |     7 |     8 |     1 ||    16
 Stab: Distracted        |       |       |       |     1 |       ||     1
       Invisible         |       |       |       |     3 |       ||     3
Armor: Scale mail        |    31 |    40 |    44 |       |       ||   115
       Chain mail        |       |       |     1 |   113 |     5 ||   119
Dodge: Dodged            |    41 |    53 |   114 |   151 |    15 ||   374
Block: Buckler           |    16 |    19 |    45 |   105 |    11 ||   196

Table legend: (Time is in decaauts)
 A = Elapsed time spent in this place.
 B = Non-inter-level travel time spent in this place.
 C = Inter-level travel time spent in this place.
 D = Time resting spent in this place.
 E = Time spent auto-exploring this place.
 F = Levels seen in this place.
 G = Mean time per level.
                   A        B        C        D        E       F      G
               +--------+--------+--------+--------+--------+-----+--------+
         Total |  12470 |  11837 |    633 |   2587 |   7200 |  15 |  831.3 |
       Dungeon |  11680 |  11106 |    574 |   2587 |   6834 |  11 | 1061.8 |
        Temple |    165 |    121 |     44 |      0 |     84 |   1 |  165.0 |
  Orcish Mines |    475 |    460 |     15 |      0 |    281 |   2 |  237.5 |
        Bailey |    148 |    148 |      0 |      0 |      0 |   1 |  148.0 |
               +--------+--------+--------+--------+--------+-----+--------+

Top non-repeatable levels by time:
     D:8: 2120 daAuts
     D:5: 1293 daAuts
     D:4: 1238 daAuts
     D:9: 1208 daAuts
    D:10: 1132 daAuts
     D:7: 976 daAuts
    D:11: 917 daAuts
     D:3: 814 daAuts
     D:1: 703 daAuts
     D:6: 700 daAuts
     D:2: 574 daAuts
   Orc:1: 404 daAuts
  Temple: 165 daAuts
  Bailey: 148 daAuts
   Orc:2: 71 daAuts
